 Dungeon Crawl Stone Soup version 0.30-b1-2-g02819fbbbe (webtiles) character file.

Game seed: 9663924874593066043

1244 raph the Basher (level 8, 0/46 HPs)
             Began as a Gargoyle Fighter on June 11, 2023.
             Was an Initiate of Gozag.
             Slain by Prince Ribbit (12 damage)
             ... on level 6 of the Dungeon.
             The game lasted 00:09:37 (6335 turns).

raph the Basher (Gargoyle Fighter)                  Turns: 6335, Time: 00:09:38

Health: 0/46       AC: 19    Str: 23    XL:     8   Next: 50%
Magic:  8/8        EV: 10    Int:  8    God:    Gozag
Gold:   492        SH:  5    Dex: 11    Spells: 7/7 levels left

rFire   + + .        a - +1 flail
rCold   + . .        c - +1 buckler
rNeg    + . .        m - +5 ring mail "Naakko" {rF+ Str+2}
rPois   ∞            (no helmet)
rElec   +            i - scarf {rC+ rF+}
rCorr   .            (no gloves)
SInv    .            y - +2 pair of boots
Will    .....        (no amulet)
Stlth   +            (no ring)
HPRegen 0.27/turn    (no ring)
MPRegen 0.11/turn

%: no passive effects
@: no status effects
A: sickness immunity, AC +5, negative energy resistance 1, electricity
resistance, torment resistance 1, petrification resistance
a: Renounce Religion, Potion Petition, Call Merchant, Bribe Branch


You were on level 6 of the Dungeon.
You worshipped Gozag.
Gozag was aware of your devotion.
You visited 1 branch of the dungeon, and saw 6 of its levels.
You also visited: Sewer.

You collected 676 gold pieces.
You spent 97 gold pieces at shops.
You paid 87 gold pieces to Gozag.

Inventory:

Hand Weapons
 a - a +1 flail (weapon)
 b - a +0 sling
 x - a +3 dire flail of pain
Missiles
 e - 4 boomerangs
 k - 24 poisoned darts (quivered)
Armour
 c - a +1 buckler (worn)
 i - a scarf of resistance (worn)
 m - the +5 ring mail "Naakko" (worn) {rF+ Str+2}
   (You found it on level 2 of the Dungeon)

   Str:       It affects your strength (+2).
   rF:        It protects you from fire.
 q - a +0 scale mail
 y - a +2 pair of boots (worn)
Jewellery
 f - a ring of fire
 p - a ring of wizardry
Wands
 v - a wand of roots (10)
Scrolls
 g - a scroll of magic mapping
 l - 3 scrolls of blinking
 n - 4 scrolls of teleportation
 r - a scroll of immolation
 w - a scroll of enchant armour
Potions
 d - 2 potions of curing {unknown}
 h - 3 potions of lignification
 j - 6 potions of attraction
 o - 3 potions of brilliance
 s - a potion of resistance
 t - 3 potions of heal wounds {unknown}
 u - a potion of ambrosia {unknown}


   Skills:
 - Level 3.2 Fighting
 + Level 10.2 Maces & Flails
 - Level 3.2 Armour
 - Level 3.2 Shields


You had 7 spell levels left.
You didn't know any spells.
Your spell library contained the following spells:

 Spells                   Type           Power      Damage    Failure   Level
 Sandblast                Erth           0%         2d4       63%         1
 Passwall                 Tmut/Erth      0%         N/A       77%         2
 Ignite Poison            Fire/Tmut/Pois 0%         N/A       94%         3
 Stone Arrow              Conj/Erth      0%         3d7       94%         3
 Summon Ice Beast         Ice/Summ       0%         N/A       100%        4
 Freezing Cloud           Conj/Ice/Air   0%         6-21      100%        5
 Summon Mana Viper        Hex/Summ       0%         N/A       100%        5
 Monstrous Menagerie      Summ           0%         N/A       100%        7
 Cigotuvi's Dreadful Rot  Necr/Pois/Air  Unusable   N/A       N/A         2

Dungeon Overview and Level Annotations

Branches:
Dungeon (6/15)              Sewer (visited)
 Temple: D:4-7

Altars:
Gozag
Trog
Uskayaw

Shops:
D:2 ([(?*   D:5 :

Annotations:
D:3 1 runed translucent door, Vorhees's ghost, amateur TrGl
D:6 Prince Ribbit


Innate Abilities, Weirdness & Mutations

You are immune to sickness and miasma.
Your stone body is resilient. (AC +5)
You are immune to poison.
You resist negative energy. (rN+)
You are resistant to electric shocks. (rElec)
You are resistant to unholy torment.
You are immune to petrification.


Message History

* * * LOW HITPOINT WARNING * * *
Prince Ribbit attacks as you move away! Prince Ribbit misses you.
Prince Ribbit blinks!
You sock Prince Ribbit!
Prince Ribbit is heavily wounded.
Prince Ribbit blinks!
Throw: 28 darts (poison)
Press: ? - help, Q - select action, (/) - cycle Shift-Dir - straight line, f - Prince Ribbit
Aim: Prince Ribbit (heavily wounded, 31% to hit)
You throw a poisoned dart. The poisoned dart hits Prince Ribbit.
Prince Ribbit is poisoned.
Prince Ribbit is heavily wounded.
Prince Ribbit hops awkwardly around.
Prince Ribbit blinks!
Throw: 27 darts (poison)
Press: ? - help, Q - select action, (/) - cycle Shift-Dir - straight line, f - you Really target yourself?
Okay, then.
Throw: 27 darts (poison)
Press: ? - help, Q - select action, (/) - cycle Shift-Dir - straight line, f - Prince Ribbit
Aim: Prince Ribbit (heavily wounded, poisoned, 31% to hit)
You throw a poisoned dart. The poisoned dart hits Prince Ribbit.
Prince Ribbit looks even sicker.
Prince Ribbit is heavily wounded.
Throw: 26 darts (poison)
Press: ? - help, Q - select action, (/) - cycle Shift-Dir - straight line, f/p - Prince Ribbit
Aim: Prince Ribbit (severely wounded, very poisoned, 31% to hit)
You throw a poisoned dart.
The poisoned dart barely misses Prince Ribbit.
Throw: 25 darts (poison)
Press: ? - help, Q - select action, (/) - cycle Shift-Dir - straight line, f/p - Prince Ribbit
Aim: Prince Ribbit (severely wounded, very poisoned, 31% to hit)
You throw a poisoned dart. The poisoned dart hits Prince Ribbit.
Prince Ribbit looks even sicker.
Prince Ribbit is severely wounded.
You sock Prince Ribbit!
Prince Ribbit is almost dead.
Prince Ribbit hits you!
You die...
Your body crumbles into a pile of gold.

#......## .#.
#.......# ...
#.##.#..# #.. #.
#.#>.# #.. # #.#..#
#.. #.##[#..# #..
#.......###########.F
####.###......#......
#@###.####.#.###..
#.F..(..(#.#.# ###
#####.##(....#
#.####.### #.# #.#
#.. ..# ### ####


You could see Prince Ribbit (very poisoned).

Vanquished Creatures
  Grinder (D:5)
  Edmund (D:6)
  A water moccasin (D:4)
  Pargi (Sewer)
  A scorpion (D:5)
  3 jellies (D:2)
  4 hounds
  2 orc priests
  5 iguanas
  An orc wizard (D:5)
  3 gnolls (D:5)
  8 adders
  A shadow imp (D:6)
  A white imp (D:5)
  An ufetubus (D:4)
  3 worms
  A dart slug (D:2)
  6 orcs
  8 endoplasms
  4 giant cockroaches (D:4)
  6 goblins
  4 hobgoblins
  15 jackals
  4 quokkas
  4 ball pythons
  8 bats
  8 frilled lizards
  13 kobolds
  11 rats
129 creatures vanquished.

Vanquished Creatures (others)
  5 fungi (D:2)
  9 toadstools (D:2)
14 creatures vanquished.

Grand Total: 143 creatures vanquished

Notes
Turn   | Place    | Note
-------+----------+-------------------------------------------
     0 | D:1      | raph the Gargoyle Fighter began the quest for the Orb.
     0 | D:1      | Reached XP level 1. HP: 14/14 MP: 1/1
   171 | D:1      | Reached XP level 2. HP: 19/19 MP: 2/2
   557 | D:1      | Reached skill level 3 in Maces & Flails
  1100 | D:2      | Found Bilos's General Store.
  1106 | D:2      | Bought a scroll of blinking for 75 gold pieces
  1112 | D:2      | Reached XP level 3. HP: 23/23 MP: 3/3
  1121 | D:2      | Identified the +5 ring mail "Naakko" {rF+ Str+2}
  1150 | D:2      | Found Erchigek's Weapon Boutique.
  1278 | D:2      | Found Dialoigo's Antique Armour Boutique.
  1284 | D:2      | Found Porghami's Magic Scroll Emporium.
  1292 | D:2      | Bought a scroll of identify for 22 gold pieces
  1438 | D:2      | Reached skill level 4 in Maces & Flails
  1544 | D:2      | Reached XP level 4. HP: 28/28 MP: 4/4
  1546 | D:2      | Found a bloodstained altar of Trog.
  1699 | D:2      | Found a faded altar of an unknown god.
  1700 | D:2      | Found Getagin's Weapon Emporium.
  2023 | D:2      | Reached skill level 5 in Maces & Flails
  2023 | D:2      | Reached XP level 5. HP: 17/32 MP: 5/5
  2511 | D:3      | Identified the +0 ring mail of Elyvilon's Delight {-Cast
                  | rF+ rN+ Dex+2}
  2512 | D:3      | You fall into a shaft and drop 1 floor!
  2535 | D:4      | Found a hide-covered altar of Uskayaw.
  2549 | D:4      | Reached skill level 6 in Maces & Flails
  2549 | D:4      | Reached XP level 6. HP: 37/37 MP: 6/6
  2564 | D:4      | Noticed a water moccasin
  2596 | D:4      | Killed a water moccasin
  2607 | D:4      | Found an opulent altar of Gozag.
  2751 | D:4      | Became a worshipper of Gozag Ym Sagoz the Greedy
  2791 | D:4      | Found a glowing drain.
  2795 | Sewer    | Entered a sewer
  2952 | Sewer    | Noticed Pargi
  2970 | Sewer    | Killed Pargi
  2971 | Sewer    | Reached skill level 7 in Maces & Flails
  2971 | Sewer    | Reached XP level 7. HP: 30/41 MP: 7/7
  3875 | D:3      | Found a runed translucent door.
  3877 | D:3      | Noticed Vorhees's ghost (amateur TrGl)
  4342 | D:4      | Reached skill level 8 in Maces & Flails
  4454 | D:5      | Entered Level 5 of the Dungeon
  4472 | D:5      | Noticed Grinder
  4482 | D:5      | Killed Grinder
  4643 | D:4      | HP: 2/41 [iguana (7)]
  4645 | D:4      | Reached skill level 9 in Maces & Flails
  4645 | D:4      | Reached XP level 8. HP: 2/46 MP: 8/8
  5893 | D:5      | Found Alydes's Book Shoppe.
  6039 | D:6      | Noticed Edmund
  6057 | D:6      | Killed Edmund
  6058 | D:6      | Reached skill level 10 in Maces & Flails
  6292 | D:6      | Noticed Prince Ribbit
  6335 | D:6      | Slain by Prince Ribbit

Illustrated notes

Levels and vault maps discovered:
D:1:      evilmike_arrival_plus, layout_basic, chequers_serial_rivers_small_b,
          amethyst_killhole, wander_ebering_terrifying_dragon_lair
D:2:      cheibrodos_fertilizer, layout_loops_ring, basic_altar, serial_shops,
          nicolae_shop_tiny_waterfront, shop, nicolae_shop_just_a_little_nook,
          shop, shop, basic_ecumenical_altar, minmay_domino_4
D:3:      layout_loops_ring, ebering_ghost_sewer_d
D:4:      layout_basic, mainiacjoe_overflow_divided_tiny, gup_sewer_entry_bowl,
          minmay_bent
D:5:      layout_layer_cave, serial_shops, nicolae_shop_advertising_works
          [nicolae_subvault_shop_adworks], uniq_grinder
D:6:      lemuel_insect_pit, layout_loops_cross, serial_shops,
          nicolae_shop_tiny_glass, uniq_edmund, uniq_prince_ribbit1

Skill      XL: |  1  2  3  4  5  6  7  8 |
---------------+-------------------------+-----
Maces & Flails | 3 4 5 6 7 9 10 | 10.2
Fighting       | |  3.2
Armour         | |  3.2
Shields        | |  3.2

Action                     |  1- 3 |  4- 6 |  7- 9 || total
---------------------------+-------+-------+-------++-------
  Melee: Flail             |    90 |   164 |   186 ||   440
  Throw: Dart              |       |       |    21 ||    21
    Use: Scroll            |     4 |     2 |     9 ||    15
         Potion            |       |     3 |     1 ||     4
   Stab: Invisible         |       |     1 |       ||     1
 Armour: Scale mail        |    28 |       |       ||    28
         Ring mail         |    25 |    97 |    84 ||   206
  Dodge: Dodged            |    42 |    77 |    87 ||   206
  Block: Buckler           |    11 |    32 |    44 ||    87
